 Dungeon Crawl Stone Soup version 0.20-a0-303-g575bbf7 (webtiles) character file.

118 Junicave the Digger (level 5, 0/28 HPs)
             Began as a Gargoyle Earth Elementalist on Dec 17, 2016.
             Slain by an orc
             ... wielding a +1 short sword of flaming
              (3 damage)
             ... on level 1 of the Dungeon.
             The game lasted 00:08:22 (3354 turns).

Junicave the Digger (Gargoyle Earth Elementalist)   Turns: 3354, Time: 00:08:23

Health: 0/28       AC:  8    Str: 12    XL:     5   Next: 2%
Magic:  0/10       EV: 12    Int: 16    God:
Gold:   50         SH:  0    Dex: 10    Spells: 7/11 levels left

rFire  . . .     SeeInvis +     h - +0 dagger
rCold  . . .     Gourm    .     c - +0 robe
rNeg   + . .     Faith    .     (no shield)
rPois  ∞         Spirit   .     (no helmet)
rElec  +         Reflect  .     (no cloak)
rCorr  .         Harm     .     (no gloves)
MR     .....                    (no boots)
Stlth  ++........               (no amulet)
                                (no ring)
                                (no ring)

@: no status effects
A: big wings, yellow scales 1, see invisible, negative energy resistance 1,
electricity resistance, unbreathing, petrification resistance, rot immunity, AC
+4
a: Fly


You were on level 1 of the Dungeon.
You were very hungry.

You visited 1 branch of the dungeon, and saw 2 of its levels.

You collected 50 gold pieces.

Inventory:

Hand Weapons
 h - a +0 dagger (weapon)
Missiles
 b - 60 stones (quivered)
Armour
 c - a +0 robe (worn)
Scrolls
 i - 2 scrolls of identify {unknown}
Potions
 a - a potion of curing {unknown}
Books
 e - a book of Geomancy

   Spells                             Type                      Level
   a - Sandblast                      Earth                        1
   b - Passwall                       Transmutation/Earth          2
   c - Stone Arrow                    Conjuration/Earth            3
   d - Petrify                        Transmutation/Earth          4
   e - Lee's Rapid Deconstruction     Earth                        5
Comestibles
 d - a bread ration
 g - a slice of pizza


   Skills:
 - Level 1.5 Dodging
 - Level 2.1 Stealth
 * Level 3.8 Spellcasting
 + Level 1.3 Conjurations
   Level 0.7 Transmutations
 + Level 4.5 Earth Magic


You had 7 spell levels left.
You knew the following spells:

 Your Spells              Type           Power        Failure   Level  Hunger
a - Sandblast             Erth           ###...       2%          1    None
b - Stone Arrow           Conj/Erth      ##....       17%         3    ###....


Dungeon Overview and Level Annotations

Branches:
Dungeon (2/15)

Altars:


Innate Abilities, Weirdness & Mutations

You are resistant to torment.
Your stone body is resilient. (AC +4)
You are immune to poison.
You resist negative energy. (rN+)
You are resistant to electric shocks. (rElec)
You can survive without breathing.
You are immune to petrification.
You are immune to rotting.
Your large and strong wings let you fly indefinitely.
You are partially covered in yellow scales. (AC +2)
You have supernaturally acute eyesight. (SInv)


Message History

The orc is heavily wounded.
The orc hits you but does no damage.
You closely miss the orc.
The orc is heavily wounded.
The orc closely misses you.
Casting: Sandblast
Confirm with . or Enter, or press ? or * to list all spells.
Aiming: Sandblast
Press: ? - help, Shift-Dir - straight line, f/p - orc
Aim: an orc, wielding a short sword of flaming and wearing a chain mail (heavily wounded)
The blast of sand hits the orc.
The orc is heavily wounded.
The orc hits you but does no damage.
You barely miss the orc.
The orc is heavily wounded.
The orc closely misses you.
You barely miss the orc.
The orc is heavily wounded.
The orc hits you with a short sword of flaming.
You die...

.......# #.# #...#.....≈..#####
..#.##.####.# ###.#.....≈≈.##...
............# #.#.....≈.###...
........##### #.#....§§§##....
..#..#...#########.#.....§§##'###
.....#....)........#.....§§......
..##.###.###########.....§≈§≈§.§≈
..##.###..######## #......?§.≈.≈.
............>.bo@# ###########.##
..#######.######## #..#
....#####..##### ##.##
...............# #..#
..########..##.# ##.## ..#
##.##.# #..# ..##### #.##.# #.##
...)..# #.##.############.#
.###### #.#...............#


You could see an orc and a bat.

Vanquished Creatures
  2 gnolls (D:2)
  3 adders
  2 oozes (D:1)
  A worm (D:2)
  4 dart slugs (D:1)
  An orc (D:2)
  A giant cockroach (D:1)
  3 goblins
  5 hobgoblins
  7 jackals (D:2)
  3 bats
  6 frilled lizards
  7 kobolds
  9 rats
54 creatures vanquished.

Notes
Turn   | Place    | Note
-------+----------+-------------------------------------------
     0 | D:1      | Junicave the Gargoyle Earth Elementalist began the quest for the Orb.
     0 | D:1      | Reached XP level 1. HP: 10/10 MP: 3/3
   395 | D:1      | Reached XP level 2. HP: 10/15 MP: 1/5
   928 | D:1      | Reached skill level 4 in Earth Magic
  1128 | D:1      | Reached XP level 3. HP: 18/19 MP: 7/7
  1133 | D:1      | Learned a level 3 spell: Stone Arrow
  2184 | D:1      | Reached XP level 4. HP: 7/24 MP: 0/9
  2404 | D:2      | Reached skill level 1 in Conjurations
  3269 | D:2      | Reached XP level 5. HP: 23/28 MP: 4/10
  3344 | D:1      | Gained mutation: You have supernaturally acute eyesight. (SInv) [potion of mutation]
  3344 | D:1      | Gained mutation: Your large and strong wings let you fly indefinitely. [potion of mutation]
  3344 | D:1      | Gained mutation: You are partially covered in yellow scales. (AC +2) [potion of mutation]
  3354 | D:1      | Slain by an orc

Vault maps used:
D:1:      erik_arrival_gehennom, minivault_26
D:2:      minmay_wonky_spiral, uniq_robin

Skill      XL: |  1  2  3  4 |
---------------+-------------+-----
Earth Magic    | 4 |  4.5
Spellcasting   | 3 |  3.8
Conjurations   | 1 |  1.3
Dodging        | |  1.5
Stealth        | |  2.1
Transmutations | |  0.7

Action                   |  1- 3 |  4- 6 || total
-------------------------+-------+-------++-------
Melee: Unarmed           |    68 |       ||    68
       Dagger            |    95 |   122 ||   217
 Cast: Sandblast         |    41 |    65 ||   106
  Use: Potion            |       |     1 ||     1
 Stab: Sleeping          |     3 |     3 ||     6
       Distracted        |       |     1 ||     1
  Eat: Chunk             |     3 |     4 ||     7
Armor: Robe              |    52 |    48 ||   100
Dodge: Dodged            |   128 |    80 ||   208
